 Dungeon Crawl Stone Soup version 0.18.1-5-g4a78601 (webtiles) character file.

8463 IcyTea the Cleaver (level 11, 0/94 HPs)
             Began as a Minotaur Chaos Knight on May 14, 2016.
             Was an Elder of Okawaru.
             Slain by Maud
             ... wielding a +5 demon trident
              (38 damage)
             ... on level 10 of the Dungeon.
             The game lasted 01:00:02 (11386 turns).

IcyTea the Cleaver (Minotaur Chaos Knight)         Turns: 11386, Time: 01:00:03

Health: 0/94       AC: 12    Str: 23    XL:     11   Next: 10%
Magic:  16/16      EV: 13    Int: 12    God:    Okawaru [****..]
Gold:   541        SH:  0    Dex:  8    Spells: 1 memorised, 8 levels left

rFire  . . .     SeeInvis .     a - +3 hand axe (chaos)
rCold  . . .     Gourm    .     b - +3 leather armour (curse)
rNeg   . . .     Faith    .     (no shield)
rPois  .         Spirit   .     (helmet restricted)
rElec  .         Dismiss  .     F - +1 cloak
rCorr  .         Reflect  .     C - +2 pair of gloves {Dex+3}
SustAt .         Harm     .     (no boots)
MR     ++...                    K - amulet of magic regeneration
Stlth  +.........               d - ring of protection from magic
                                y - ring of protection from magic

@: mighty, very resistant to hostile enchantments, very unstealthy
A: retaliatory headbutt, horns 2, thin metallic scales 1, blink, blurry vision
1, clumsy 2, deformed body, high mp 1, screaming 1
a: Blink, Heroism, Renounce Religion


You were on level 10 of the Dungeon.
You worshipped Okawaru.
Okawaru was greatly pleased with you.
You were not hungry.

You visited 2 branches of the dungeon, and saw 11 of its levels.
You visited the Abyss 1 time.
You also visited: Sewer.

You collected 541 gold pieces.

Inventory:

Hand Weapons
 a - a +3 hand axe of chaos (weapon)
 l - a +0 war axe
Missiles
 o - 34 bolts
 L - 5 poisoned tomahawks
 P - 8 steel javelins (quivered)
Armour
 b - a cursed +3 leather armour (worn)
 C - a +2 pair of gloves of dexterity (worn)
 F - a +1 cloak (worn)
Jewellery
 d - a ring of protection from magic (right hand)
 g - an uncursed ring of flight
 t - an uncursed ring of positive energy
 y - a ring of protection from magic (left hand)
 K - an amulet of magic regeneration (around neck)
Wands
 j - a wand of flame (39/48)
 n - a wand of confusion (10/48)
 v - a wand of digging (10/24)
 H - a wand of disintegration (10/24)
Scrolls
 e - 4 scrolls of fear
 h - 4 scrolls of identify
 r - 5 scrolls of teleportation
 u - a scroll of blinking
 E - a scroll of remove curse
 J - a scroll of recharging
 M - a scroll of amnesia
Potions
 i - 4 potions of lignification
 p - 5 potions of flight
 s - a potion of brilliance
 w - a potion of haste
 x - 3 potions of heal wounds
 z - a potion of agility
 A - 3 potions of curing
 D - a potion of magic
 N - a potion of cure mutation
Books
 B - a Young Poisoner's Handbook

   Spells                             Type                      Level
   a - Sting                          Conjuration/Poison           1
   b - Cure Poison                    Poison                       2
   c - Mephitic Cloud                 Conjuration/Poison/Air       3
   d - Olgreb's Toxic Radiance        Poison                       4
   e - Venom Bolt                     Conjuration/Poison           5
Miscellaneous
 Q - a phial of floods (inert)
Comestibles
 c - 7 bread rations
 f - 6 meat rations
 k - 4 fruits
 m - 2 beef jerkies
 q - 9 slices of pizza
 G - a royal jelly


   Skills:
 + Level 8.2 Fighting
 - Level 14.0 Axes
 - Level 2.4 Armour
 - Level 6.0 Dodging
 - Level 1.2 Poison Magic
 - Level 6.0 Invocations
 - Level 6.2 Evocations


You had 8 spell levels left.
You knew the following spells:

 Your Spells              Type           Power        Failure   Level  Hunger
a - Cure Poison           Pois           #.........   38%         2    ###....


Dungeon Overview and Level Annotations

Branches:
Dungeon (10/15)            Temple (1/1) D:4            Lair (0/8) D:10
    Orc: D:9-12

Altars:
Ashenzari
Cheibriados
Dithmenos
Elyvilon
Fedhas
Gozag
Kikubaaqudgha
Makhleb
Nemelex Xobeh
Okawaru
Pakellas
Qazlal
Ru
Sif Muna
Trog
Vehumet
Xom
Yredelemnul
Zin
The Shining One

Shops:
D:9 (

Annotations:
D:10 Josephine, Maud


Innate Abilities, Weirdness & Mutations

You reflexively headbutt those who attack you in melee.
You have a pair of horns on your head.
You are partially covered in thin metallic scales (AC +2).
You can translocate small distances at will.
Scrolls take you a little longer to read.
You are very clumsy. (Dex -4)
Armour fits poorly on your strangely shaped body.
You have an increased reservoir of magic (+10% MP).
You occasionally shout uncontrollably at your foes.


Message History

The yak gores your water elemental!
Maud splashes around in the water.
Your water elemental barely misses the yak.
The yak gores your water elemental!!
Maud hits your water elemental with an enchanted demon trident!
Your water elemental barely misses Maud.
The yak gores your water elemental.
Maud completely misses your water elemental.
Your water elemental hits Maud!
Maud hits your water elemental with an enchanted demon trident!!
Your water elemental is destroyed!
A troll comes into view.
The troll shouts!
Maud rages.
Maud rages.
Maud rages.
Maud rages.
There is a staircase to the Lair here.
Maud hits you with an enchanted demon trident!!!
You die...
Xom bursts into laughter!

#.≈≈W#,,,,,,.......#,,,,,,,*,,,,,
#.≈≈≈#,,,,,,,......#,,,,,,,******
...≈≈#,,,,,,,,...<.#,,,,,,,,,,,,,
..CWW#,,,,,,*##...##*,,,,,,,,,,,,
..≈≈≈#########.....##,,,,,,,,,,,,
.....@......#.......#,,,,,,,,,,,,
###.........#.......########*,,,,
..#......Y........P.........*****
..#.......@.....@...........,,,,,
..#......W.Y.Y..@...........,,,,,
..#######C......T...)###***,,,,,,
........####..P....(.# *,,,,,,
............#....P..## *,,,,,,
............#†......# *,,,,,,
..############.....#####***,,,,,,
..#.........###...###...,,,,,,,,*
..#.........#...........,,,,,,,,*


You could see Maud (berserk), Josephine, a hill giant, 3 yaks, a troll and a
wraith.

Vanquished Creatures
  Erolcha (D:10)
  Erica (D:8)
  Maurice (D:8)
  A komodo dragon (D:9)
  3 slime creatures (D:10)
  A two-headed ogre (D:10)
  Sigmund (D:3)
  A ynoxinul (Abyss:1)
  2 wyverns
  A hippogriff (D:9)
  A large abomination (Abyss:1)
  A human (D:8)
  2 neqoxecs (Abyss:1)
  3 wargs (D:10)
  Duvessa (D:4)
  An ice beast (D:5)
  A sky beast (D:5)
  2 orc warriors (D:7)
  A black bear (D:9)
  3 necrophages
  A wasp (D:10)
  3 ogres
  A phantom (D:9)
  3 centaurs
  A crocodile (D:10)
  3 giant frogs
  Dowan (D:4)
  3 scorpions
  5 killer bees (D:9)
  A vampire bat (D:2)
  A howler monkey (D:9)
  5 crimson imps
  2 giant frog zombies
  4 hounds
  A jelly (shapeshifter) (D:3)
  9 orc priests
  2 giant frog skeletons
  4 worker ants
  3 iguanas
  14 orc wizards
  4 sheep (D:8)
  A hound zombie (D:9)
  2 hound skeletons
  A howler monkey zombie (D:6)
  A worker ant zombie (D:6)
  8 adders
  5 river rats
  2 shadow imps (D:8)
  An ufetubus (Abyss:1)
  An ooze (D:1)
  2 adder skeletons
  A worm (D:3)
  A dart slug (D:1)
  3 giant geckos
  43 orcs
  7 bats
  A bat skeleton (D:2)
  4 bat zombies (D:2)
  4 giant cockroaches
  13 goblins
  7 hobgoblins
  15 jackals
  3 quokkas
  3 ball pythons
  A giant cockroach zombie (D:6)
  19 giant newts
  10 kobolds
  A quokka skeleton (D:8)
  19 rats
279 creatures vanquished.

Vanquished Creatures (others)
  A slime creature (D:10)
  A hippogriff (D:3)
  A fire vortex (D:5)
3 creatures vanquished.

Grand Total: 282 creatures vanquished

Notes
Turn   | Place    | Note
--------------------------------------------------------------
     0 | D:1      | IcyTea the Minotaur Chaos Knight began the quest for the Orb.
     0 | D:1      | Reached XP level 1. HP: 19/19 MP: 0/0
    41 | D:1      | Reached skill level 4 in Axes
   131 | D:1      | XOM: harmless Divn miscast
   183 | D:1      | XOM: divination: detect creatures
   331 | D:1      | XOM: potion effect (berserk rage)
   333 | D:1      | Reached XP level 2. HP: 26/26 MP: 1/1
   368 | D:1      | XOM: potion effect (invisibility)
   395 | D:1      | Reached skill level 5 in Axes
   395 | D:1      | Reached XP level 3. HP: 27/31 MP: 2/2
   796 | D:1      | XOM: silly message
   958 | D:2      | XOM: mild Erth miscast
  1020 | D:2      | Found an ancient bone altar of Kikubaaqudgha.
  1036 | D:2      | Reached skill level 6 in Axes
  1036 | D:2      | Reached XP level 4. HP: 36/39 MP: 3/3
  1144 | D:2      | Found a glowing silver altar of Zin.
  1565 | D:2      | XOM: silly message
  1692 | D:3      | Reached skill level 7 in Axes
  1692 | D:3      | Reached XP level 5. HP: 41/45 MP: 4/4
  1974 | D:3      | Found a blossoming altar of Fedhas.
  2028 | D:3      | Gained mutation: Your muscles are strong. (Str +2) [mutagenic meat]
  2189 | D:3      | XOM: colour smoke trail
  2218 | D:3      | Reached skill level 8 in Axes
  2358 | D:3      | Found a faded altar to an unknown god.
  2454 | D:3      | Found a shimmering altar of Xom.
  2454 | D:3      | Found a shadowy altar of Dithmenos.
  2542 | D:3      | XOM: potion effect (haste)
  2547 | D:3      | Reached XP level 6. HP: 38/51 MP: 5/5
  2612 | D:3      | XOM: potion effect (curing)
  2835 | D:3      | Reached skill level 9 in Axes
  2846 | D:3      | Found an oddly glowing altar of Pakellas.
  2846 | D:3      | Noticed an orange crystal statue
  2847 | D:3      | Noticed a hippogriff
  2862 | D:3      | Killed a hippogriff
  3017 | D:4      | Noticed Sigmund
  3035 | D:4      | XOM: potion effect (berserk rage)
  3039 | D:3      | Killed Sigmund
  3039 | D:3      | Reached XP level 7. HP: 57/57 MP: 6/6
  3051 | D:4      | Reached skill level 10 in Axes
  3055 | D:4      | XOM: potion effect (haste)
  3204 | D:4      | Found a glowing drain.
  3224 | Sewer    | Entered a sewer
  3645 | Sewer    | XOM: scenery: create altars
  3699 | D:4      | Found a staircase to the Ecumenical Temple.
  3723 | D:4      | Noticed Duvessa
  3723 | D:4      | Noticed Dowan
  3731 | D:4      | Killed Duvessa
  3731 | D:4      | Reached skill level 11 in Axes
  3732 | D:4      | XOM: silly message
  3739 | D:4      | Killed Dowan
  3777 | Temple   | Entered the Ecumenical Temple
  3849 | Temple   | Fell from the grace of Xom
  3849 | Temple   | Became a worshipper of Warmaster Okawaru
  4112 | D:5      | Entered Level 5 of the Dungeon
  4162 | D:5      | Reached XP level 8. HP: 63/64 MP: 7/7
  4185 | D:5      | Learned a level 2 spell: Cure Poison
  4360 | D:5      | Found a bloodstained altar of Trog.
  4526 | D:5      | XOM: give mutations
  4526 | D:5      | Gained mutation: You occasionally shout uncontrollably at your foes. [Xom's mischief]
  4526 | D:5      | Gained mutation: Armour fits poorly on your strangely shaped body. [Xom's mischief]
  4526 | D:5      | Gained mutation: You are clumsy. (Dex -2) [Xom's mischief]
  4532 | D:5      | Reached skill level 12 in Axes
  4554 | D:5      | XOM: give mutations
  4554 | D:5      | Gained mutation: Scrolls take you a little longer to read. [Xom's mischief]
  4554 | D:5      | Gained mutation: You have an increased reservoir of magic (+10% MP). [Xom's mischief]
  4769 | D:5      | Reached skill level 1 in Invocations
  5115 | D:5      | XOM: give mutations
  5115 | D:5      | Gained mutation: Scrolls take you longer to read. [Xom's mischief]
  5115 | D:5      | Lost mutation: Your muscles are strong. (Str +2) [Xom's mischief]
  5115 | D:5      | Gained mutation: Your natural rate of healing is unusually fast. [Xom's mischief]
  5115 | D:5      | Lost mutation: Scrolls take you longer to read. [Xom's mischief]
  5138 | D:5      | XOM: severe Summ miscast
  5139 | D:5      | Cast into level 1 of the Abyss (the severe capriciousness of Xom)
  5207 | Abyss:1  | XOM: fog
  5276 | Abyss:1  | Gained mutation: You are very clumsy. (Dex -4) [a neqoxec]
  5279 | Abyss:1  | Lost mutation: Your natural rate of healing is unusually fast. [a neqoxec]
  5283 | Abyss:1  | Reached skill level 5 in Invocations
  5311 | Abyss:1  | Reached * piety under Okawaru
  5313 | D:5      | Escaped the Abyss
  5562 | D:5      | Reached skill level 5 in Fighting
  5562 | D:5      | Reached XP level 9. HP: 54/74 MP: 13/13
  5593 | D:5      | XOM: mild Fire miscast
  5752 | D:6      | Found a sparkling altar of Nemelex Xobeh.
  5752 | D:6      | Found an opulent altar of Gozag.
  5779 | D:6      | Found a sacrificial altar of Ru.
  5779 | D:6      | Found a white marble altar of Elyvilon.
  5781 | D:6      | Found a stormy altar of Qazlal.
  5819 | D:6      | XOM: scenery: create altars
  5838 | D:6      | Found Jiruk's Assorted Antiques.
  5850 | D:6      | Found a glowing golden altar of the Shining One.
  5923 | D:6      | Reached skill level 1 in Poison Magic
  6243 | D:6      | XOM: scenery: 1 doors close
  6327 | D:6      | XOM: medium Necr miscast
  6387 | D:6      | XOM: scenery: create altars
  6705 | D:6      | XOM: give mutations
  6705 | D:6      | Gained mutation: You can translocate small distances at will. [Xom's grace]
  6705 | D:6      | Gained mutation: You are partially covered in thin metallic scales (AC +2). [Xom's grace]
  7353 | D:7      | Reached skill level 1 in Evocations
  7381 | D:7      | XOM: summons 4 hostile demons
  7444 | D:7      | Found a deep blue altar of Sif Muna.
  7584 | D:7      | Found a burning altar of Makhleb.
  7591 | D:7      | Reached ** piety under Okawaru
  7613 | D:7      | XOM: noise
  8011 | D:8      | Found an oddly glowing altar of Pakellas.
  8129 | D:8      | XOM: summons 5 hostile demons
  8268 | D:8      | Noticed Erica
  8295 | D:8      | Killed Erica
  8295 | D:8      | Reached *** piety under Okawaru
  8355 | D:8      | Noticed Maurice
  8364 | D:8      | Killed Maurice
  8364 | D:8      | Reached XP level 10. HP: 86/86 MP: 15/15
  8446 | D:8      | XOM: noise
  8490 | D:8      | XOM: medium Hex miscast
  8566 | D:8      | XOM: medium Chrm miscast
  8871 | D:9      | Reached skill level 13 in Axes
  8884 | D:9      | Found Wuse's Weapon Shop.
  8903 | D:9      | Reached **** piety under Okawaru
  8953 | D:9      | XOM: harmless Necr miscast
  9042 | D:9      | HP: 4/86 [killer bee (1)]
  9380 | D:9      | Found a shadowy altar of Dithmenos.
  9451 | D:9      | XOM: harmless Ice miscast
  9524 | D:9      | Reached skill level 14 in Axes
 10286 | D:7      | XOM: harmless Air miscast
 10311 | D:7      | XOM: silly message
 10360 | D:7      | XOM: harmless Fire miscast
 10383 | D:7      | XOM: silly message
 10545 | D:10     | Entered Level 10 of the Dungeon
 10812 | D:10     | Noticed Erolcha
 10839 | D:10     | Killed Erolcha
 10839 | D:10     | Received a gift from Okawaru
 10839 | D:10     | Reached skill level 5 in Dodging
 11096 | D:10     | Reached XP level 11. HP: 63/92 MP: 16/16
 11313 | D:10     | Found a staircase to the Lair.
 11329 | D:10     | Received a gift from Okawaru
 11360 | D:10     | Noticed Maud
 11365 | D:10     | Noticed Josephine
 11366 | D:10     | Noticed a hill giant
 11386 | D:10     | Slain by Maud

Skill      XL: |  1  2  3  4  5  6  7  8  9 10 11 |
---------------+----------------------------------+-----
Axes           | 4 5 6 7 8 9 11 12 14 | 14.0
Invocations    | 5 6 |  6.0
Fighting       | 5 7 8 |  8.2
Poison Magic   | 1 |  1.2
Evocations     | 6 |  6.2
Dodging        | 6 |  6.0
Armour         | |  2.4

Action                   |  1- 3 |  4- 6 |  7- 9 | 10-12 || total
-------------------------+-------+-------+-------+-------++-------
Melee: Hand axe          |    66 |   144 |   408 |   231 ||   849
       Headbutt          |     4 |    15 |    59 |    34 ||   112
Throw: Tomahawk          |       |       |     3 |       ||     3
 Cast: Cure Poison       |       |       |     2 |     3 ||     5
 Abil: Blink             |       |       |     1 |       ||     1
Evoke: Wand              |       |       |     5 |     1 ||     6
       Phial of floods   |       |       |       |     1 ||     1
  Use: Potion            |     4 |     2 |     8 |     3 ||    17
       Scroll            |     6 |     6 |     4 |     4 ||    20
 Stab: Invisible         |     1 |       |     3 |       ||     4
       Petrifying        |       |       |     3 |       ||     3
       Paralysed         |       |       |     7 |       ||     7
       Confused          |       |       |     1 |     1 ||     2
       Petrified         |       |       |     1 |       ||     1
  Eat: Chunk             |     1 |     8 |    17 |     8 ||    34
       Royal jelly       |       |       |     1 |       ||     1
       Beef jerky        |       |       |       |     1 ||     1
Armor: Leather armour    |    41 |    39 |    91 |    47 ||   218
Dodge: Dodged            |    51 |    59 |   167 |    78 ||   355
